[Event "*** SCC Grand Prix: Titled Tuesday Blitz"]
[Site "Chess.com"]
[Date "2020.07.14"]
[Round "5"]
[White "juniortay"]
[Black "AGW2016"]
[Result "1-0"]
[WhiteElo "2405"]
[BlackElo "2257"]
[TimeControl "180+1"]
[EndTime "10:53:47 PDT"]
[Termination "juniortay won by resignation"]

1. e4 c5 2. Nf3 d6 3. d4 cxd4 4. Nxd4 Nf6 5. Nc3 Nc6 6. f4 e6 7.
Nf3 Be7 8. Bd3 O-O 9. O-O a6 10. Kh1 b5 11. a3 Bb7 12. Qe1 Rc8 13. e5 Nd5 14. Ne4 dxe5 15. fxe5 b4 16. Qg3 bxa3 17. bxa3 f5 18. exf6 Nxf6 19. Neg5 Bd6 20. Qh4 Qe7 21. Bxh7+ Kh8 22. Bf5+ Kg8 23. Bxe6+ Qxe6 1-0

[Event "*** SCC Grand Prix: Titled Tuesday Blitz"]
[Site "Chess.com"]
[Date "2020.07.14"]
[Round "5"]
[White "Josip_buje"]
[Black "TurboSteen"]
[Result "1-0"]
[WhiteElo "2286"]
[BlackElo "1946"]
[TimeControl "180+1"]
[EndTime "10:53:50 PDT"]
[Termination "Josip_buje won by resignation"]

1. d4 Nf6 2. Nf3 g6 3. Bg5 Bg7 4. e3 O-O 5. Nbd2 d5 6. Bd3 b6 7. O-O c5 8. c3 Nc6 9. h3 Bb7 10. Re1 Re8 11. Qe2 e5 12. dxe5 Nxe5 13. Bb5 Re7 14.
Nxe5 Rxe5 15. Nf3 Re7 16. Rad1 a6 17. Ba4 b5 18. Bb3 h6 19. Bh4 g5 20. Bg3 Ne4 21. Bh2 Rd7 22. Nd2 Qe7 23. Nxe4 dxe4 24. Rxd7 Qxd7 25.
Rd1 Qe7 26. Qd2 c4 27. Bc2 Be5 28. Bxe5 Qxe5 29. Qd7 Rb8 30. Rd6 Kg7 31. Qc7 Qe8 32. Rb6 1-0

[Event "*** SCC Grand Prix: Titled Tuesday Blitz"]
[Site "Chess.com"]
[Date "2020.07.14"]
[Round "5"]
[White "FedaMaster"]
[Black "Eternauta2400"]
[Result "0-1"]
[WhiteElo "2367"]
[BlackElo "2664"]
[TimeControl "180+1"]
[EndTime "10:53:51 PDT"]
[Termination "Eternauta2400 won by resignation"]

1. e4 e5 2. Nf3 Nc6 3. Bb5 a6 4. Bxc6 dxc6 5. O-O Bd6 6. d4 exd4 7. Qxd4 f6 8. Be3 Ne7 9. Nbd2 Be6 10. Rad1 Ng6 11. Nc4 Bxc4 12. Qxc4 Qe7 13. Rfe1 O-O-O 14. c3 Rhe8 15. Ba7 Qe6 16. Qa4 Nf4 17. h3 g5 18. Nd4 Qe5 19. Nf5 Nxh3+ 20. gxh3 Qh2+ 21. Kf1 Qh1+ 22. Ke2 Rxe4+ 23. Qxe4 Qxe4+ 24. Ne3 b6 25. Rd4 Qe6 26. Kf1 Qxh3+ 27. Kg1 Bh2+ 0-1

[Event "*** SCC Grand Prix: Titled Tuesday Blitz"]
[Site "Chess.com"]
[Date "2020.07.14"]
[Round "5"]
[White "winniethepooh04"]
[Black "coalescenet"]
[Result "0-1"]
[WhiteElo "2165"]
[BlackElo "2345"]
[TimeControl "180+1"]
[EndTime "10:53:51 PDT"]
[Termination "coalescenet won by resignation"]

1. e4 c6 2. Nf3 d5 3. Nc3 Bg4 4. exd5 cxd5 5. d4 a6 6. h3 Bh5 7.
a4 e6 8. Be2 Nf6 9. O-O Nc6 10. Re1 Be7 11. Ne5 Bxe2 12. Qxe2 Nxd4 13. Qd3 Nf5 14. g4 Nd6 15. g5 Nfe4 16. Nxd5 exd5 17. Qxd5 O-O 18. Rxe4 Nxe4 19. Qxe4 Qd1+ 20. Kg2 Rae8 21. Qf5 Qd5+ 22. f3 Bd6 0-1

[Event "*** SCC Grand Prix: Titled Tuesday Blitz"]
[Site "Chess.com"]
[Date "2020.07.14"]
[Round "5"]
[White "pastouche06"]
[Black "otrov-11"]
[Result "1-0"]
[WhiteElo "2538"]
[BlackElo "2365"]
[TimeControl "180+1"]
[EndTime "10:53:57 PDT"]
[Termination "pastouche06 won by resignation"]

1. d4 Nf6 2. c4 e6 3. Nc3 Bb4 4. e3 O-O 5. Ne2 d5 6. a3 Be7 7. cxd5 exd5 8. Nf4 c6 9. Bd3 a5 10. O-O Na6 11. f3 Nc7 12. Bc2 Ne6 13. e4 dxe4 14.
Nxe6 Bxe6 15. fxe4 Qd7 16. e5 Nd5 17. Ne4 Rad8 18.
Qh5 g6 19. Qh6 Rfe8 20. Ng5 Bxg5 21. Bxg5 Kh8 22. Rf4 f6 23. Bxf6+ Nxf6 24. exf6 Qf7 25. Raf1 Rd5 26. Rh4 Red8 27. Bxg6 Qc7 28. f7 1-0

[Event "*** SCC Grand Prix: Titled Tuesday Blitz"]
[Site "Chess.com"]
[Date "2020.07.14"]
[Round "5"]
[White "FairChess_on_YouTube"]
[Black "GMHess"]
[Result "1-0"]
[WhiteElo "2992"]
[BlackElo "2751"]
[TimeControl "180+1"]
[EndTime "10:54:00 PDT"]
[Termination "FairChess_on_YouTube won by resignation"]

1. e4 d6 2. d4 Nf6 3. Nc3 c6 4. f3 Nbd7 5. Be3 e5 6. Qd2 Be7 7. Nge2 O-O 8. Ng3 d5 9. exd5 cxd5 10. O-O-O Qa5 11. dxe5 Nxe5 12. Nxd5 Qxa2 13. Nxe7+ Kh8 14. Qc3 Be6 15. Qa3 Qxa3 16. bxa3 Rfe8 17. Nef5 Nc4 18.
Bxc4 Bxc4 19. Bd4 1-0

[Event "*** SCC Grand Prix: Titled Tuesday Blitz"]
[Site "Chess.com"]
[Date "2020.07.14"]
[Round "5"]
[White "Chessmasterzt"]
[Black "MateSchmate"]
[Result "0-1"]
[WhiteElo "2572"]
[BlackElo "2416"]
[TimeControl "180+1"]
[EndTime "10:54:01 PDT"]
[Termination "MateSchmate won by resignation"]

1. d4 c5 2. Nf3 cxd4 3. Nxd4 d6 4.
c4 Nf6 5. Nc3 g6 6. g3 Bg7 7. Bg2 O-O 8. O-O a6 9. b3 Qc7 10. Bb2 Nc6 11. Rc1 Bd7 12. Nd5 Qd8 13. Nxf6+ Bxf6 14. Nxc6 Bxc6 15. Bxf6 exf6 16. Qd2 Re8 17.
Rfd1 Re6 18. c5 Bxg2 19. Kxg2 Rc8 20. cxd6 Rxc1 21. Qxc1 Rxd6 22. Rxd6 Qxd6 23. Qc8+ Kg7 24. Qxb7 Qa3 25. g4 Qxa2 26. Kf3 a5 27. Qb5 Qd2 28.
Qd3 Qe1 29. Kg2 Qa1 30. Qd5 a4 31. Qa5 a3 32. g5 fxg5 33. Qe5+ Qxe5 0-1

[Event "*** SCC Grand Prix: Titled Tuesday Blitz"]
[Site "Chess.com"]
[Date "2020.07.14"]
[Round "5"]
[White "enzovsky"]
[Black "awesomevishesh"]
[Result "1-0"]
[WhiteElo "2521"]
[BlackElo "2349"]
[TimeControl "180+1"]
[EndTime "10:54:03 PDT"]
[Termination "enzovsky won by checkmate"]

1. e4 c5 2. Nf3 d6 3. d4 cxd4 4.
Nxd4 Nf6 5. Nc3 a6 6. Nb3 g6 7.
Be3 Bg7 8. Be2 O-O 9. h4 Nc6 10. h5 b5 11. Qd2 b4 12. Nd5 Nxe4 13. Qd3 Bf5 14. Qc4 Rc8 15. Qxa6 Bxb2 16. Rd1 Nc3 17. Nxc3 Bxc3+ 18. Kf1 Qd7 19. hxg6 hxg6 20. Qc4 Nd4 21.
Bxd4 Rxc4 22. Rh8# 1-0

[Event "*** SCC Grand Prix: Titled Tuesday Blitz"]
[Site "Chess.com"]
[Date "2020.07.14"]
[Round "5"]
[White "BikingBrian"]
[Black "LimaRR"]
[Result "1-0"]
[WhiteElo "2206"]
[BlackElo "2082"]
[TimeControl "180+1"]
[EndTime "10:54:03 PDT"]
[Termination "BikingBrian won by resignation"]

1. d4 Nf6 2. Bg5 d5 3. Nd2 Bf5 4. e3 e6 5. Ngf3 Be7 6. c4 c6 7.
Qb3 Qb6 8. c5 Qxb3 9. axb3 Nbd7 10. b4 O-O 11. b5 Rfe8 12. Nb3 h6 13. Bf4 Ne4 14. Nfd2 Nxd2 15. Kxd2 f6 16. Bd3 Bg4 17. f3 Bh5 18. g4 Bf7 19. bxc6 bxc6 20. Na5 Rec8 21.
Ba6 Re8 22. Bb7 e5 23. Bxa8 exf4 24. Bxc6 fxe3+ 25. Ke2 Rd8 26. Nb7 Nb8 27. Nxd8 Bxd8 28. Bb5 f5 1-0

[Event "*** SCC Grand Prix: Titled Tuesday Blitz"]
[Site "Chess.com"]
[Date "2020.07.14"]
[Round "5"]
[White "Klaus1995"]
[Black "f3andwins"]
[Result "0-1"]
[WhiteElo "1896"]
[BlackElo "2446"]
[TimeControl "180+1"]
[EndTime "10:54:04 PDT"]
[Termination "f3andwins won by checkmate"]

1. e4 g6 2. d4 Bg7 3. Nc3 c6 4. Be3 d5 5. f3 dxe4 6. fxe4 e5 7. d5 Ne7 8. Bc4 cxd5 9. exd5 Nf5 10. Bc5 Nd6 11. Qe2 O-O 12. O-O-O Re8 13. Kb1 Na6 14. Bxd6 Qxd6 15. Ne4 Qd8 16. Nf3 f5 17. Nc3 e4 18. d6+ Kh8 19. Nd4 Bd7 20. Ndb5 Qf6 21. Nc7 Nxc7 22. dxc7 Bc6 23. Bb5 Rac8 24. Bxc6 bxc6 25.
Qc4 Rxc7 26. Qc5 Rb7 27. Na4 Rxb2+ 28. Kc1 Rb1+ 29. Kxb1 Qa1# 0-1

[Event "*** SCC Grand Prix: Titled Tuesday Blitz"]
[Site "Chess.com"]
[Date "2020.07.14"]
[Round "5"]
[White "AsaHoffmann"]
[Black "mfwagnerpeixoto"]
[Result "1-0"]
[WhiteElo "2397"]
[BlackElo "2239"]
[TimeControl "180+1"]
[EndTime "10:54:06 PDT"]
[Termination "AsaHoffmann won by resignation"]

1. d4 Nf6 2. Bg5 c5 3. d5 d6 4. Nc3 g6 5. e4 Bg7 6. Qd2 O-O 7. Bh6 e6 8. O-O-O exd5 9. exd5 Na6 10. f3 Nc7 11. h4 b5 12. h5 b4 13. Ne4 Nxe4 14.
fxe4 Bf6 15. Nf3 Re8 16. hxg6 fxg6 17. Qf4 Qe7 18. Bd3 Bd7 19. Bg5 Rf8 20. Bxf6 Qxf6 21. Qxf6 Rxf6 22. e5 dxe5 23. Nxe5 Be8 24. d6 Ne6 25. d7 Bf7 26. Nxf7 1-0

[Event "*** SCC Grand Prix: Titled Tuesday Blitz"]
[Site "Chess.com"]
[Date "2020.07.14"]
[Round "5"]
[White "barriochess"]
[Black "Bodnar_Mykola"]
[Result "0-1"]
[WhiteElo "2296"]
[BlackElo "2486"]
[TimeControl "180+1"]
[EndTime "10:54:13 PDT"]
[Termination "Bodnar_Mykola won by resignation"]

1. d4 Nf6 2. c4 c5 3. d5 b5 4.
Nd2 bxc4 5. e4 e6 6. Bxc4 exd5 7. exd5 d6 8. Ngf3 Be7 9. O-O O-O 10. b3 Ba6 11. Bb2 Bxc4 12. Nxc4 Na6 13. h3 Nc7 14. Ne3 Re8 15. Qd3 Bf8 16. Rfd1 g6 17. Bc3 Bg7 18. Rab1 Qd7 19. a4 Rab8 20. Bxf6 Bxf6 21. Nc4 Na6 22. Re1 Nb4 23. Qd2 Kg7 24. Nh2 h5 25. Nf3 Rbd8 26. Rxe8 Qxe8 27. Re1 Qd7 28. Re2 Qf5 29.
Ne3 Qf4 30. g4 Qxf3 0-1

[Event "*** SCC Grand Prix: Titled Tuesday Blitz"]
[Site "Chess.com"]
[Date "2020.07.14"]
[Round "5"]
[White "bocah_sakit"]
[Black "elohunter1999"]
[Result "1-0"]
[WhiteElo "2706"]
[BlackElo "2464"]
[TimeControl "180+1"]
[EndTime "10:54:19 PDT"]
[Termination "bocah_sakit won by resignation"]

1. e4 e5 2. Nf3 Nc6 3. Bb5 a6 4. Bxc6 dxc6 5. O-O Qf6 6. d4 exd4 7. Bg5 Qd6 8. Qxd4 Qxd4 9. Nxd4 Bd7 10. Nc3 Be7 11. Bxe7 Nxe7 12. Rad1 O-O-O 13. Rd2 Rhe8 14. Rfd1 f5 15. f3 fxe4 16. Nxe4 b6 17. Kf2 Rf8 18. Ng5 Rf6 19. Nxh7 Rh6 20. Ng5 Rxh2 21. Nde6 Nd5 22. Nxd8 Kxd8 23. c4 Nf6 24. Nh3 Ke7 25. Kg3 Rxh3+ 26.
gxh3 Bf5 27. Re1+ Kf7 28. Kf4 g6 29. h4 a5 30. Rd8 b5 31. b3 Be6 32. Rxe6 Kxe6 33.
Kg5 a4 34. Kxg6 a3 35. h5 Ke7 36. h6 1-0

[Event "*** SCC Grand Prix: Titled Tuesday Blitz"]
[Site "Chess.com"]
[Date "2020.07.14"]
[Round "5"]
[White "Vesper2018"]
[Black "warmoatmeal"]
[Result "1-0"]
[WhiteElo "2586"]
[BlackElo "2323"]
[TimeControl "180+1"]
[EndTime "10:54:21 PDT"]
[Termination "Vesper2018 won by checkmate"]

1. e4 c6 2. Nf3 d5 3. exd5 cxd5 4. Ne5 a6 5. d4 Nc6 6. c3 Nf6 7. Bd3 e6 8. O-O Bd6 9. f4 O-O 10. Qe2 Ne7 11. Nd2 Ng6 12. Nxg6 hxg6 13. Nf3 b5 14. Ne5 Bb7 15. Be3 Ne4 16. Rf3 b4 17. cxb4 Bxb4 18. Rh3 Bd6 19. g4 Bxe5 20. fxe5 Rc8 21. Bxe4 dxe4 22.
g5 Re8 23. Qf2 Kf8 24. Rf1 f6 25. gxf6 gxf6 26. Rh7 Rc7 27. Qxf6+ Kg8 28. Rh8# 1-0

[Event "*** SCC Grand Prix: Titled Tuesday Blitz"]
[Site "Chess.com"]
[Date "2020.07.14"]
[Round "5"]
[White "731291"]
[Black "MFguimaraes"]
[Result "1-0"]
[WhiteElo "2664"]
[BlackElo "2395"]
[TimeControl "180+1"]
[EndTime "10:54:22 PDT"]
[Termination "731291 won by resignation"]

1. d4 Nf6 2. Nf3 d5 3. c4 c6 4.
e3 e6 5. Nc3 Nbd7 6. Be2 Bd6 7.
O-O O-O 8. b3 dxc4 9. Bxc4 e5 10. Bb2 b5 11. Be2 Bb7 12. Qc2 Rc8 13. Rfd1 Qe7 14. dxe5 Nxe5 15. Nd4 Neg4 16. g3 Nxe3 17. fxe3 Qxe3+ 18. Kf1 c5 19. Nf5 Qe6 20. Rxd6 Qe8 21. Re1 1-0

[Event "*** SCC Grand Prix: Titled Tuesday Blitz"]
[Site "Chess.com"]
[Date "2020.07.14"]
[Round "5"]
[White "Atanejhad"]
[Black "AlexSuv"]
[Result "1-0"]
[WhiteElo "2395"]
[BlackElo "2538"]
[TimeControl "180+1"]
[EndTime "10:54:24 PDT"]
[Termination "Atanejhad won by resignation"]

1. e4 c5 2. Nf3 e6 3. c3 Nf6 4. e5 Nd5 5. Bc4 d6 6. exd6 Bxd6 7.
O-O O-O 8. d4 Nc6 9. Bg5 Qb6 10.
Bxd5 exd5 11. dxc5 Qxc5 12. Nbd2 Bg4 13. Qa4 Bh5 14.
Be3 Qa5 15. Qxa5 Nxa5 16. Nd4 Bg6 17. Rad1 a6 18. Rfe1 Rad8 19. N4b3 Nc4 20. Nxc4 dxc4 21. Na5 Bd3 22. Nxb7 Rd7 23. Nxd6 Rxd6 24. Bc5 Rc6 25. Bxf8 Kxf8 26. f3 g5 27. Kf2 a5 28. Re3 a4 29.
Rexd3 cxd3 30. Rxd3 Rb6 31. Rd2 Ke8 32. Ke3 Ke7 33. Kd3 Ke6 34. Kc4 Kf5 35. b4 axb3 36. axb3 Kf4 37. b4 Ke3 38. Ra2 Rc6+ 39. Kb3 Kd3 40. Rc2 Rb6 41. c4 f5 42. c5 1-0

[Event "*** SCC Grand Prix: Titled Tuesday Blitz"]
[Site "Chess.com"]
[Date "2020.07.14"]
[Round "5"]
[White "Chessbard1972"]
[Black "ailime26"]
[Result "1-0"]
[WhiteElo "2276"]
[BlackElo "1868"]
[TimeControl "180+1"]
[EndTime "10:54:24 PDT"]
[Termination "Chessbard1972 won by resignation"]

1. d4 d5 2. c4 e6 3. Nc3 Nf6 4. Bg5 Be7 5. e3 Nbd7 6. cxd5 Nxd5 7. Bxe7 Qxe7 8. Rc1 O-O 9. Nxd5 exd5 10. Rxc7 Qd6 11. Rc1 Nf6 12. Bd3 Bg4 13. Ne2 Rac8 14. O-O Qb6 15. f3 Be6 16. Qd2 Rc6 17. Nc3 Rfc8 18. Rcd1 a6 19. Qf2 Qb4 20. h3 b5 21. e4 dxe4 22.
fxe4 R6c7 23. d5 Bd7 24. e5 Ne8 25. Qxf7+ 1-0

[Event "*** SCC Grand Prix: Titled Tuesday Blitz"]
[Site "Chess.com"]
[Date "2020.07.14"]
[Round "5"]
[White "Efremov_Vlad"]
[Black "if_name_main_a"]
[Result "1/2-1/2"]
[WhiteElo "2235"]
[BlackElo "2413"]
[TimeControl "180+1"]
[EndTime "10:54:25 PDT"]
[Termination "Game drawn by repetition"]

1. d4 Nf6 2. c4 e6 3. Nf3 b6 4. g3 Bb7 5. Bg2 Be7 6. O-O O-O 7.
Nc3 d6 8. Qc2 Nbd7 9. e4 c5 10.
e5 Ne8 11. dxc5 Nxc5 12. Rd1 Qb8 13. Bf4 dxe5 14. Bxe5 Bd6 15. Bxd6 Nxd6 16. Ng5 g6 17. Bxb7 Ncxb7 18. Nge4 Rd8 19. Nxd6 Nxd6 20. Ne4 Nf5 21. Qc3 Rxd1+ 22. Rxd1 e5 23. f4 Nd4 24. Qe3 Nf5 25.
Qc3 Nd4 26. Qe3 Nf5 27. Qc3 1/2-1/2

[Event "*** SCC Grand Prix: Titled Tuesday Blitz"]
[Site "Chess.com"]
[Date "2020.07.14"]
[Round "5"]
[White "GGfrances"]
[Black "Zablotsky"]
[Result "1/2-1/2"]
[WhiteElo "2381"]
[BlackElo "2580"]
[TimeControl "180+1"]
[EndTime "10:54:26 PDT"]
[Termination "Game drawn by repetition"]

1. e4 Nc6 2. Nf3 e5 3. Bc4 d6 4. d4 Bg4 5. h3 Bxf3 6. Qxf3 Nf6 7. Bb5 exd4 8. c3 a6 9. Bxc6+ bxc6 10. cxd4 Be7 11.
Nc3 Nd7 12. O-O c5 13. Be3 cxd4 14. Bxd4 Bf6 15. Rad1 O-O 16. Nd5 Bxd4 17. Rxd4 Re8 18. Rfd1 a5 19. Qc3 Nc5 20. f3 Ne6 21. Ra4 c5 22.
Kh1 h6 23. Ne3 Nd4 24. Nf5 Nxf5 25. exf5 h5 26. f6 g6 27. Re4 Re6 28. Rde1 Rxe4 29.
fxe4 Qc8 30. e5 Qe6 31. b3 Re8 32. Qxa5 dxe5 33. Qxc5 Qxf6 34. b4 Qa6 35. Qd5 e4 36. Rxe4 Rxe4 37. Qxe4 Qxa2 38. Qe8+ Kh7 39. Qe7 Kg8 40.
Qe8+ Kh7 41. Qe7 Qb1+ 42. Kh2 Qf5 43. Qc5 Qf4+ 44. Kh1 Qf1+ 45. Kh2 Qf4+ 46. Kh1 h4 47. b5 Qf1+ 48. Kh2 Qf4+ 49. Kh1 Qf1+ 50. Kh2 Qf4+ 51. Kh1 1/2-1/2

[Event "*** SCC Grand Prix: Titled Tuesday Blitz"]
[Site "Chess.com"]
[Date "2020.07.14"]
[Round "5"]
[White "diamonds13"]
[Black "ChainsOfFantasia"]
[Result "0-1"]
[WhiteElo "2242"]
[BlackElo "2470"]
[TimeControl "180+1"]
[EndTime "10:54:26 PDT"]
[Termination "ChainsOfFantasia won by resignation"]

1. d4 Nf6 2. c4 e6 3. Nc3 d5 4.
cxd5 exd5 5. Bg5 Be7 6. e3 c6 7. Bd3 Nbd7 8. Nge2 Nh5 9. Bxe7 Qxe7 10. Qc2 g6 11. h3 Nb6 12. g4 Ng7 13. O-O-O Be6 14. a4 Qb4 15. Nf4 O-O-O 16. Bb5 cxb5 17. Nd3 Qc4 18.
axb5 Kb8 19. Kb1 h5 20. f3 hxg4 21. fxg4 f5 22. Nc5 fxg4 23. b3 Qb4 24. Kb2 Bf5 25. Qe2 Nc4+ 26. Ka1 Qxc3+ 27. Ka2 0-1

[Event "*** SCC Grand Prix: Titled Tuesday Blitz"]
[Site "Chess.com"]
[Date "2020.07.14"]
[Round "5"]
[White "Shuvalov"]
[Black "MacDaddyMac"]
[Result "1-0"]
[WhiteElo "2491"]
[BlackElo "2311"]
[TimeControl "180+1"]
[EndTime "10:54:27 PDT"]
[Termination "Shuvalov won by resignation"]

1. Nf3 Nf6 2. c4 c5 3. g3 g6 4. Bg2 Bg7 5. O-O O-O 6. Nc3 Nc6 7. d4 cxd4 8. Nxd4 Nxd4 9. Qxd4 d6 10. Qh4 Be6 11. Bd2 Bxc4 12. Qxc4 Rc8 13. Qb3 b6 14. Rac1 Qd7 15. Rfd1 Rc5 16. Be3 Rh5 17. Nd5 Nxd5 18.
Rxd5 e5 19. Rcd1 Rd8 20. Qb5 Qe6 21. Qc6 Bf8 22. a4 Qg4 23. Bf3 Qh3 24. Bxh5 gxh5 25. Qc4 Be7 26. Qe4 f5 27. Qg2 Qg4 28. Qf3 Qg6 29.
Rc1 Qe6 30. Rdd1 h4 31. Qd5 Qxd5 32. Rxd5 hxg3 33. hxg3 Kf7 34. Rc7 Ke6 35. Rd1 Ra8 36. Rdc1 f4 37. gxf4 exf4 38. Bxf4 Rg8+ 39. Kf1 a5 40.
Rb7 Rg4 41. e3 Rh4 42. Ke2 Bd8 43. Rc8 Bf6 44. Rxb6 Be7 45. Re8 Kd7 46. Rxe7+ Kxe7 47. Bg5+ 1-0

[Event "*** SCC Grand Prix: Titled Tuesday Blitz"]
[Site "Chess.com"]
[Date "2020.07.14"]
[Round "5"]
[White "BabyBoss31"]
[Black "Batsai"]
[Result "0-1"]
[WhiteElo "2202"]
[BlackElo "2390"]
[TimeControl "180+1"]
[EndTime "10:54:27 PDT"]
[Termination "Batsai won by resignation"]

1. d4 Nf6 2. c4 c5 3. d5 e6 4. Nc3 exd5 5. cxd5 d6 6. e4 g6 7. f4 Bg7 8. Bb5+ Nfd7 9. a4 O-O 10. Nf3 a6 11. Be2 Re8 12. O-O Nf6 13. e5 Ng4 14. Ng5 Nh6 15. e6 fxe6 16. dxe6 Nc6 17. Bc4 Kh8 18.
f5 Ne5 19. Ba2 Nxf5 20. Rxf5 gxf5 21. Qh5 h6 22. Qg6 Nxg6 0-1

[Event "*** SCC Grand Prix: Titled Tuesday Blitz"]
[Site "Chess.com"]
[Date "2020.07.14"]
[Round "5"]
[White "SergeyKarjakin"]
[Black "JosefineHeinemann"]
[Result "1-0"]
[WhiteElo "2962"]
[BlackElo "2639"]
[TimeControl "180+1"]
[EndTime "10:54:28 PDT"]
[Termination "SergeyKarjakin won by checkmate"]

1. e4 c5 2. Nf3 d6 3. d4 cxd4 4. Nxd4 Nf6 5. Nc3 a6 6. Bd3 g6 7. Be3 Bg7 8. f3 O-O 9. Qd2 Nc6 10. O-O-O Nxd4 11. Bxd4 b5 12. h4 Be6 13. Kb1 b4 14. Na4 a5 15. h5 Rb8 16. hxg6 fxg6 17. b3 Qc7 18. g4 Rfc8 19. Qh2 Kf8 20. e5 Ne8 21. exd6 Qxd6 22. Bxg7+ Nxg7 23. Qxh7 Qf4 24. Qxg6 Bf7 25. Rh8+ Bg8 26. Rdh1 Qf6 27. Rxg8+ Kxg8 28. Rh8+ Kxh8 29. Qh7# 1-0

[Event "*** SCC Grand Prix: Titled Tuesday Blitz"]
[Site "Chess.com"]
[Date "2020.07.14"]
[Round "5"]
[White "Gabix_94"]
[Black "abykhovsky"]
[Result "1-0"]
[WhiteElo "2911"]
[BlackElo "2713"]
[TimeControl "180+1"]
[EndTime "10:54:29 PDT"]
[Termination "Gabix_94 won by resignation"]

1. Nf3 c5 2. c4 Nc6 3. Nc3 g6 4. e3 Bg7 5. d4 d6 6. d5 Ne5 7. Nxe5 Bxe5 8. Bd3 Bg7 9. h3 Nf6 10. e4 O-O 11. O-O e6 12. Bf4 Nh5 13. Bh2 e5 14. a3 f5 15. exf5 Bxf5 16. Bxf5 Rxf5 17. g4 Rg5 18. Ne4 Nf4 19. Bxf4 exf4 20. Nxg5 Qxg5 21. Qf3 b6 22. Rab1 Rf8 23. b4 Bd4 24. bxc5 dxc5 25.
Kg2 Rf7 26. a4 Kg7 27. Rfe1 h5 28. Re6 Qh4 29. Rh1 hxg4 30. hxg4 Qg5 31. Kf1 Rf8 32. d6 Bf6 33. Qb7+ Rf7 34. Rh7+ Kxh7 35. Qxf7+ Bg7 36. Re7 Qh6 37. Qxg7+ 1-0

[Event "*** SCC Grand Prix: Titled Tuesday Blitz"]
[Site "Chess.com"]
[Date "2020.07.14"]
[Round "5"]
[White "Grischuk"]
[Black "Legendinunknown"]
[Result "1/2-1/2"]
[WhiteElo "3043"]
[BlackElo "2593"]
[TimeControl "180+1"]
[EndTime "10:54:31 PDT"]
[Termination "Game drawn by repetition"]

1. Nf3 Nf6 2. c4 g6 3. g3 Bg7 4. Bg2 O-O 5. Nc3 d6 6. d4 c5 7.
d5 e6 8. O-O exd5 9. cxd5 a6 10. a4 Nbd7 11. h3 Ne8 12. Bg5 f6 13. Bd2 Nc7 14. e4 Qe7 15. Re1 Ne5 16. Nxe5 fxe5 17. a5 Bd7 18. Rb1 Nb5 19. b4 c4 20. Na4 Rac8 21. Rc1 Rc7 22. Be3 Nd4 23. Nc3 Qd8 24. Kh2 Bb5 25. f4 Rcf7 26. Rf1 Nb3 27. Rc2 Nd4 28. Rcf2 Qe7 29. Qd2 Nb3 30. Qc2 Nd4 31.
Qd2 Nb3 32. Qc2 Nd4 33. Qd2 1/2-1/2

[Event "*** SCC Grand Prix: Titled Tuesday Blitz"]
[Site "Chess.com"]
[Date "2020.07.14"]
[Round "5"]
[White "ARMQUEEN"]
[Black "StephenDedalus83"]
[Result "0-1"]
[WhiteElo "2440"]
[BlackElo "2804"]
[TimeControl "180+1"]
[EndTime "10:54:31 PDT"]
[Termination "StephenDedalus83 won by resignation"]

1. e4 c5 2. Nc3 Nc6 3. Bb5 Nd4 4. Bc4 e6 5. Nge2 a6 6. Nxd4 cxd4 7. Ne2 Nf6 8. d3 Bc5 9. Bb3 d5 10. e5 Ng4 11. Bf4 Qc7 12. h3 Nxe5 13. c3 dxc3 14. d4 cxb2 15. Rb1 Ba3 16. Bxe5 Qa5+ 17. Qd2 Bb4 18.
Rxb2 Bxd2+ 19. Rxd2 O-O 20. Bf4 Bd7 21. O-O Rac8 22.
Ng3 Ba4 23. Rd3 Bb5 24. Rf3 Bxf1 25. Nxf1 Rc6 26. Ne3 Rc3 27. Rg3 f6 28. Rg4 Rfc8 29. Bh6 g6 30. h4 Rc1+ 31. Kh2 Qe1 32. Kg3 R8c3 33. h5 f5 34. Rg5 Rxe3+ 0-1

[Event "*** SCC Grand Prix: Titled Tuesday Blitz"]
[Site "Chess.com"]
[Date "2020.07.14"]
[Round "5"]
[White "margarita_2703"]
[Black "Skatchkov_V"]
[Result "1-0"]
[WhiteElo "2394"]
[BlackElo "2544"]
[TimeControl "180+1"]
[EndTime "10:54:31 PDT"]
[Termination "margarita_2703 won by resignation"]

1. Nf3 Nf6 2. d4 e6 3. Bg5 d5 4. e3 h6 5. Bh4 b6 6. Bd3 Bb7 7.
Nbd2 Be7 8. c3 O-O 9. Ne5 Nbd7 10. Qe2 Nxe5 11. dxe5 Nd7 12. Bg3 c5 13. Rd1 Qc7 14.
e4 Nxe5 15. exd5 Nxd3+ 16. Qxd3 Qd7 17. d6 Rfd8 18. Nc4 Bf8 19. O-O Qa4 20. b3 Qxa2 21. Ra1 Qxb3 22. Rfb1 Be4 23. Qxe4 Qxc3 24. Be5 f5 25.
Qe2 1-0

[Event "*** SCC Grand Prix: Titled Tuesday Blitz"]
[Site "Chess.com"]
[Date "2020.07.14"]
[Round "5"]
[White "Evachess2006"]
[Black "WeAintSurePal"]
[Result "0-1"]
[WhiteElo "1614"]
[BlackElo "2269"]
[TimeControl "180+1"]
[EndTime "10:54:31 PDT"]
[Termination "WeAintSurePal won on time"]

1. e4 c6 2. d4 d5 3. exd5 cxd5 4. Bd3 Nf6 5. c3 Nc6 6. Bf4 e6 7. Nf3 Bd6 8. Bxd6 Qxd6 9. Nbd2 O-O 10. O-O e5 11.
Nxe5 Nxe5 12. dxe5 Qxe5 13. Nf3 Qh5 14. Nd4 Bg4 15. Be2 Rae8 16. Bxg4 Nxg4 17. h3 Nf6 18. Qxh5 Nxh5 19. Rfe1 Nf4 20. Re3 Rxe3 21. fxe3 Ne6 22. Kf2 Nc5 23. Nb3 Nd3+ 24. Ke2 Nxb2 25. Rb1 Nc4 26. Rd1 Re8 27. Rd3 Nb6 28. Nd4 g6 29.
Nc2 Re5 30. Nb4 Kf8 31. a3 Ke7 32. Rd2 Kd6 33. Rd4 Nc4 34. Rd3 Nxa3 35. Na2 Nc4 36.
Nc1 a5 37. Nb3 a4 38. Nd2 Kc5 39. Nxc4 dxc4 40. Rd4 a3 0-1

[Event "*** SCC Grand Prix: Titled Tuesday Blitz"]
[Site "Chess.com"]
[Date "2020.07.14"]
[Round "5"]
[White "ShimanovAlex"]
[Black "Denmark2015"]
[Result "1-0"]
[WhiteElo "2821"]
[BlackElo "2577"]
[TimeControl "180+1"]
[EndTime "10:54:32 PDT"]
[Termination "ShimanovAlex won on time"]

1. d4 e6 2. Bf4 f5 3. Nc3 d5 4.
e3 Nf6 5. Nf3 Bb4 6. Bd3 O-O 7.
Ne5 Ne4 8. Bxe4 fxe4 9. O-O b6 10. Ne2 Ba6 11. c4 Bd6 12. b3 Nd7 13. Nc6 Qf6 14.
Bxd6 cxd6 15. cxd5 exd5 16. Nb4 Bb7 17. Nf4 Qf7 18. Rc1 Nf6 19. a4 a5 20. Na2 g5 21.
Ne2 Ng4 22. h3 Nh6 23. Nac3 Ba6 24. Nb5 Rad8 25. Rc6 Bxb5 26. axb5 Qb7 27. Qc2 Rf7 28.
Nc3 Nf5 29. Nxd5 Rdf8 30. Qxe4 1-0

[Event "*** SCC Grand Prix: Titled Tuesday Blitz"]
[Site "Chess.com"]
[Date "2020.07.14"]
[Round "5"]
[White "giantslayer83"]
[Black "WiktoriaPOL"]
[Result "1-0"]
[WhiteElo "2727"]
[BlackElo "1898"]
[TimeControl "180+1"]
[EndTime "10:54:32 PDT"]
[Termination "giantslayer83 won on time"]

1. c4 Nf6 2. Nc3 g6 3. g3 Bg7 4. Bg2 O-O 5. Nf3 d6 6. d4 Nbd7 7. O-O e5 8. e4 a5 9. Re1 exd4 10. Nxd4 Nc5 11. h3 Re8 12. Nb3 Nfd7 13. Be3 b6 14.
Nd4 Bb7 15. Qc2 Ne5 16. Nd5 Ba6 17. b3 a4 18. Rad1 axb3 19. axb3 c6 20. Nb4 Bb7 21. f4 Ned7 22. Ndxc6 Qc7 23. Nd4 Nxe4 24. Nb5 Qb8 25. Nd5 Nxg3 26. Ndc7 Bxg2 27. Qxg2 1-0